IL
PAWTUCKET RED SOX @ NORFOLK TIDES
08/16/2049
 
TOP OF THE 1ST
Pawtucket Red Sox batting - Pitching for Norfolk Tides : RHP Brad Shafer
Pitching: RHP Brad Shafer
Batting: RHB Matt Hinkle 0-0: Ball
1-0: Ball
2-0: Foul Ball, location: 2F
2-1: Fly out, F8 (Flyball, 8RD, EV 89.4 MPH)
Batting: LHB Tim Fuller 0-0: Ground out 5-3 (Groundball, 5, EV 79.4 MPH)
Batting: RHB Roberto Morales 0-0: Ball
1-0: Ball
2-0: Foul Ball, location: 2F
2-1: Swinging Strike
2-2: Foul Ball, location: 2F
2-2: Ball
3-2: Strikes out swinging
Top of the 1st over - 0 runs, 0 hits, 0 errors, 0 left on base; Pawtucket 0 - Norfolk 0
BOTTOM OF THE 1ST
Norfolk Tides batting - Pitching for Pawtucket Red Sox : RHP J.J. Dean
Pitching: RHP J.J. Dean
Batting: RHB Joe Young 0-0: Ball
1-0: Ball
2-0: Ground out 5-3 (Groundball, 56S, EV 87.5 MPH)
Batting: RHB Alfredo Reguera 0-0: Foul Ball, location: 2F
0-1: Fly out, F5 (Popup, 5SF, EV 80.0 MPH)
Batting: RHB Daniel Jackson 0-0: Ball
1-0: Ground out 1-3 (Groundball, 15S, EV 62.5 MPH)
Bottom of the 1st over - 0 runs, 0 hits, 0 errors, 0 left on base; Pawtucket 0 - Norfolk 0
TOP OF THE 2ND
Pawtucket Red Sox batting - Pitching for Norfolk Tides : RHP Brad Shafer
Batting: LHB David Moore 0-0: Ball
1-0: Ball
2-0: Ball
3-0: Called Strike
3-1: Called Strike
3-2: Foul Ball, location: 2F
3-2: Ground out 4-3 (Groundball, 4, EV 85.0 MPH)
Batting: RHB Tony Nunez 0-0: Ground out 6-3 (Groundball, 6M, EV 90.6 MPH)
Batting: LHB Frank Olivo 0-0: Ball
1-0: Ball
2-0: Ball
3-0: Base on Balls
Batting: RHB Rodolfo Contreras 0-0: Ball
1-0: Ball
2-0: Called Strike
2-1: Ball
3-1: Swinging Strike
3-2: Foul Ball, location: 2F
3-2: Base on Balls
Frank Olivo to second
Batting: RHB Brandon Perris 0-0: Called Strike
0-1: Ball
1-1: Fly out, F9 (Flyball, 9LD, EV 96.9 MPH)
Top of the 2nd over - 0 runs, 0 hits, 0 errors, 2 left on base; Pawtucket 0 - Norfolk 0
BOTTOM OF THE 2ND
Norfolk Tides batting - Pitching for Pawtucket Red Sox : RHP J.J. Dean
Batting: RHB Maup Gommers 0-0: Ball
1-0: Called Strike
1-1: Foul Ball, location: 2F
1-2: Ball
2-2: Ball
3-2: Foul Ball, location: 2F
3-2: Base on Balls
Batting: RHB Luke Vaccarino 0-0: Ball
1-0: Ball
Wild Pitch!
Maup Gommers to second
2-0: Foul Ball, location: 2F
2-1: Called Strike
2-2: Ground out 1-3 (Groundball, 34S, EV 72.5 MPH)
Maup Gommers to third
Batting: RHB Wes Reynolds 0-0: Ball
1-0: Called Strike
1-1: Ground out 5-3 (Groundball, 56S, EV 85.6 MPH)
Maup Gommers scores
Batting: LHB Justin Moore 0-0: Called Strike
0-1: Foul Ball, location: 2F
0-2: Ball
1-2: Ball
2-2: Strikes out swinging wild pitch, reaches first!
Batting: RHB Jeremy Sipe 0-0: Called Strike
0-1: Called Strike
0-2: Ball
1-2: Fielders Choice at 2nd, U4 (Groundball, 6MD, EV 95.0 MPH)
Bottom of the 2nd over - 1 run, 0 hits, 0 errors, 1 left on base; Pawtucket 0 - Norfolk 1
TOP OF THE 3RD
Pawtucket Red Sox batting - Pitching for Norfolk Tides : RHP Brad Shafer
Batting: RHB Joe Evrard 0-0: Called Strike
0-1: Ball
1-1: Foul Ball, location: 2F
1-2: Ball
2-2: Foul Ball, location: 2F
2-2: Foul Ball, location: 2F
2-2: Foul Ball, location: 2F
2-2: Ball
3-2: Strikes out looking
Batting: RHB Matt Hinkle 0-0: Ball
1-0: Called Strike
1-1: Ball
2-1: Called Strike
2-2: Foul Ball, location: 2F
2-2: Foul Ball, location: 2F
2-2: Ball
3-2: Base on Balls
Batting: LHB Tim Fuller 0-0: Foul Ball, location: 2F
0-1: Ball
Matt Hinkle steals 2nd base
1-1: Swinging Strike
1-2: Strikes out swinging
Batting: RHB Roberto Morales 0-0: Foul Ball, location: 2F
0-1: Ball
1-1: Ball
2-1: Foul Ball, location: 2F
2-2: Ball
3-2: Strikes out looking
Top of the 3rd over - 0 runs, 0 hits, 0 errors, 1 left on base; Pawtucket 0 - Norfolk 1
BOTTOM OF THE 3RD
Norfolk Tides batting - Pitching for Pawtucket Red Sox : RHP J.J. Dean
Batting: RHB Honório Szenes 0-0: Called Strike
0-1: Called Strike
0-2: Ball
1-2: Ball
2-2: Ball
3-2: Base on Balls
Batting: RHB Joe Young 0-0: Ball
1-0: Ball
2-0: Ball
3-0: Called Strike
3-1: Grounds into double play, 5-4-3 (Groundball, 5, EV 91.2 MPH)
Batting: RHB Alfredo Reguera 0-0: Ball
1-0: Ball
2-0: SINGLE (Line Drive, 89M, EV 105.6 MPH)
Batting: RHB Daniel Jackson 0-0: Ball
1-0: Ball
2-0: Ball
3-0: Base on Balls
Alfredo Reguera to second
Batting: RHB Maup Gommers 0-0: Called Strike
0-1: Foul Ball, location: 2F
0-2: Foul Ball, location: 2F
0-2: Ball
1-2: Ground out 1-3 (Groundball, 13S, EV 71.2 MPH)
Bottom of the 3rd over - 0 runs, 1 hit, 0 errors, 2 left on base; Pawtucket 0 - Norfolk 1
TOP OF THE 4TH
Pawtucket Red Sox batting - Pitching for Norfolk Tides : RHP Brad Shafer
Batting: LHB David Moore 0-0: Called Strike
0-1: Called Strike
0-2: Strikes out swinging
Batting: RHB Tony Nunez 0-0: Ground out U3 (Groundball, 3S, EV 68.8 MPH)
Batting: LHB Frank Olivo 0-0: Foul Ball, location: 2F
0-1: Foul Ball, location: 2F
0-2: Ground out 5-3 (Groundball, 5, EV 81.9 MPH)
Top of the 4th over - 0 runs, 0 hits, 0 errors, 0 left on base; Pawtucket 0 - Norfolk 1
BOTTOM OF THE 4TH
Norfolk Tides batting - Pitching for Pawtucket Red Sox : RHP J.J. Dean
Batting: RHB Luke Vaccarino 0-0: Ball
1-0: Ball
2-0: Hit by Pitch
Batting: RHB Wes Reynolds 0-0: Swinging Strike
Luke Vaccarino is caught stealing 2nd base 2-4
0-1: Called Strike
0-2: Ball
1-2: Foul Ball, location: 2F
1-2: Ball
2-2: Ball
3-2: SINGLE (Groundball, 56D, EV 98.8 MPH)
Batting: LHB Justin Moore 0-0: Ball
1-0: Foul Ball, location: 2F
1-1: Ball
2-1: Grounds into double play, 4-6-3 (Groundball, 34D, EV 108.1 MPH)
Bottom of the 4th over - 0 runs, 1 hit, 0 errors, 0 left on base; Pawtucket 0 - Norfolk 1
TOP OF THE 5TH
Pawtucket Red Sox batting - Pitching for Norfolk Tides : RHP Brad Shafer
Batting: RHB Rodolfo Contreras 0-0: Foul Ball, location: 2F
0-1: Ball
1-1: Ball
2-1: Foul Ball, location: 2F
2-2: Strikes out swinging
Batting: RHB Brandon Perris 0-0: Ball
1-0: Swinging Strike
1-1: Foul Ball, location: 2F
1-2: Strikes out swinging
Batting: RHB Joe Evrard 0-0: Foul Ball, location: 2F
0-1: Foul Ball, location: 2F
0-2: Ball
1-2: Strikes out swinging
Top of the 5th over - 0 runs, 0 hits, 0 errors, 0 left on base; Pawtucket 0 - Norfolk 1
BOTTOM OF THE 5TH
Norfolk Tides batting - Pitching for Pawtucket Red Sox : RHP J.J. Dean
Batting: RHB Jeremy Sipe 0-0: Swinging Strike
0-1: Ball
1-1: Ball
2-1: Ball
3-1: Ground out 5-3 (Groundball, 5S, EV 86.9 MPH)
Batting: RHB Honório Szenes 0-0: Ball
1-0: Foul Ball, location: 2F
1-1: Foul Ball, location: 2F
1-2: Ground out 3-1 (Groundball, 34, EV 92.5 MPH)
Batting: RHB Joe Young 0-0: Foul Ball, location: 2F
0-1: Foul Ball, location: 2F
0-2: Strikes out swinging
Bottom of the 5th over - 0 runs, 0 hits, 0 errors, 0 left on base; Pawtucket 0 - Norfolk 1
TOP OF THE 6TH
Pawtucket Red Sox batting - Pitching for Norfolk Tides : RHP Brad Shafer
Batting: RHB Matt Hinkle 0-0: Called Strike
0-1: Ball
1-1: Swinging Strike
1-2: Foul Ball, location: 2F
1-2: Foul Ball, location: 2F
1-2: Foul Ball, location: 2F
1-2: Ball
2-2: Foul Ball, location: 2F
2-2: Foul Ball, location: 2F
2-2: Strikes out swinging
Batting: LHB Tim Fuller 0-0: Foul Ball, location: 2F
0-1: SINGLE (Groundball, 3D, EV 106.9 MPH)
Batting: RHB Roberto Morales 0-0: Fly out, F9 (Flyball, 9, EV 90.6 MPH)
Batting: LHB David Moore 0-0: Ball
1-0: Called Strike
1-1: Ball
2-1: Ground out 4-3 (Groundball, 34, EV 96.9 MPH)
Top of the 6th over - 0 runs, 1 hit, 0 errors, 1 left on base; Pawtucket 0 - Norfolk 1
BOTTOM OF THE 6TH
Norfolk Tides batting - Pitching for Pawtucket Red Sox : RHP J.J. Dean
Batting: RHB Alfredo Reguera 0-0: Ball
1-0: Ball
2-0: Ground out 6-3 (Groundball, 6M, EV 86.9 MPH)
Batting: RHB Daniel Jackson 0-0: Ground out 5-3 (Groundball, 56, EV 100.0 MPH)
Batting: RHB Maup Gommers 0-0: Ground out 3-1 (Groundball, 34, EV 99.4 MPH)
Bottom of the 6th over - 0 runs, 0 hits, 0 errors, 0 left on base; Pawtucket 0 - Norfolk 1
TOP OF THE 7TH
Pawtucket Red Sox batting - Pitching for Norfolk Tides : RHP Brad Shafer
Pitching: RHP Ryan Hemmerich
Batting: RHB Tony Nunez 0-0: Ball
1-0: Ball
2-0: Called Strike
2-1: Foul Ball, location: 2F
2-2: Fly out, F9 (Flyball, 89D, EV 89.4 MPH)
Batting: LHB Frank Olivo 0-0: Ball
1-0: Swinging Strike
1-1: Ground out 6-3 (Groundball, 6, EV 98.8 MPH)
Pinch Hitting: SHB Ben Ervin 0-0: Ball
1-0: Ball
2-0: Ground out 3-1 (Groundball, 34, EV 90.0 MPH)
Top of the 7th over - 0 runs, 0 hits, 0 errors, 0 left on base; Pawtucket 0 - Norfolk 1
BOTTOM OF THE 7TH
Norfolk Tides batting - Pitching for Pawtucket Red Sox : RHP J.J. Dean
Now at 2B: Frank Olivo
Now in CF: Matt Hinkle
Now in RF: Ben Ervin
Batting: RHB Luke Vaccarino 0-0: Ball
1-0: Fly out, F8 (Flyball, 8LD, EV 105.6 MPH)
Batting: RHB Wes Reynolds 0-0: Called Strike
0-1: Ball
1-1: Ground out 6-3 (Groundball, 56, EV 86.9 MPH)
Batting: LHB Justin Moore 0-0: Called Strike
0-1: Swinging Strike
0-2: Ball
1-2: TRIPLE (Groundball, 3L, EV 105.0 MPH)
Batting: RHB Jeremy Sipe 0-0: Ball
1-0: Swinging Strike
1-1: Ball
2-1: 2-RUN HOME RUN (Flyball, 78XD, EV 110.6 MPH), Distance : 423 ft
Batting: RHB Honório Szenes 0-0: Ball
1-0: Called Strike
1-1: Called Strike
1-2: SINGLE (Line Drive, 4MD, EV 97.5 MPH)
Pitching: RHP Billy Fitzgerald
Batting: RHB Joe Young 0-0: Called Strike
0-1: Called Strike
0-2: Strikes out looking
Bottom of the 7th over - 2 runs, 3 hits, 0 errors, 1 left on base; Pawtucket 0 - Norfolk 3
TOP OF THE 8TH
Pawtucket Red Sox batting - Pitching for Norfolk Tides : RHP Ryan Hemmerich
Batting: RHB Brandon Perris 0-0: Called Strike
0-1: Foul Ball, location: 2F
0-2: Ground out U3 (Groundball, 34, EV 85.0 MPH)
Batting: RHB Joe Evrard 0-0: Ball
1-0: SINGLE (Groundball, 56D, EV 99.4 MPH)
Batting: RHB Matt Hinkle 0-0: Ball
1-0: Foul Ball, location: 2F
1-1: Swinging Strike
1-2: Ball
2-2: Ball
3-2: Foul Ball, location: 2F
3-2: DOUBLE (Line Drive, 78XD, EV 105.0 MPH)
Joe Evrard to third
Runner from 3rd tries for Home, SAFE, no throw by LF
Batting: LHB Tim Fuller 0-0: Ball
1-0: Swinging Strike
1-1: Ground out 6-3 (Groundball, 6S, EV 90.6 MPH)
Matt Hinkle to third
Pinch Hitting: SHB Marvin Lawrence 0-0: Ball
1-0: Ball
2-0: Called Strike
2-1: Swinging Strike
2-2: Ball
3-2: 2-RUN HOME RUN (Flyball, 8RXD, EV 119.4 MPH), Distance : 516 ft
Pitching: RHP Bobby Marble
Batting: LHB David Moore 0-0: Ball
1-0: Called Strike
1-1: Foul Ball, location: 2F
1-2: Strikes out swinging
Top of the 8th over - 3 runs, 3 hits, 0 errors, 0 left on base; Pawtucket 3 - Norfolk 3
BOTTOM OF THE 8TH
Norfolk Tides batting - Pitching for Pawtucket Red Sox : RHP Billy Fitzgerald
Now at 1B: Tony Nunez
Now in LF: Marvin Lawrence
Pinch Hitting: SHB Jason Hayes 0-0: Called Strike
0-1: Foul Ball, location: 2F
0-2: Ball
1-2: Foul Ball, location: 2F
1-2: Strikes out looking
Batting: RHB Daniel Jackson 0-0: Ball
1-0: Ball
2-0: Ground out 6-3 (Groundball, 56, EV 87.5 MPH)
Batting: RHB Maup Gommers 0-0: Called Strike
0-1: Ball
1-1: Ball
2-1: Foul Ball, location: 2F
2-2: Fly out, F7 (Flyball, 78S, EV 82.5 MPH)
Bottom of the 8th over - 0 runs, 0 hits, 0 errors, 0 left on base; Pawtucket 3 - Norfolk 3
TOP OF THE 9TH
Pawtucket Red Sox batting - Pitching for Norfolk Tides : RHP Bobby Marble
Pitching: RHP Manny Rolfe
Now in LF: Ray Sims
Pinch Hitting: LHB Zack Guillen 0-0: Ball
1-0: Foul Ball, location: 2F
1-1: Ball
2-1: Ground out 1-3 (Groundball, 13S, EV 76.2 MPH)
Batting: LHB Frank Olivo 0-0: Ball
1-0: Called Strike
1-1: Called Strike
1-2: Ball
2-2: Ground out U3 (Groundball, 3, EV 86.9 MPH)
Batting: SHB Ben Ervin 0-0: Fly out, F7 (Line Drive, 7, EV 100.6 MPH)
Top of the 9th over - 0 runs, 0 hits, 0 errors, 0 left on base; Pawtucket 3 - Norfolk 3
BOTTOM OF THE 9TH
Norfolk Tides batting - Pitching for Pawtucket Red Sox : RHP Billy Fitzgerald
Now at 1B: Carlos Nolasco
Batting: RHB Luke Vaccarino 0-0: Swinging Strike
0-1: Foul Ball, location: 2F
0-2: Ball
1-2: Strikes out swinging
Batting: RHB Wes Reynolds 0-0: Ground out 6-3 (Groundball, 6, EV 98.1 MPH)
Batting: LHB Justin Moore 0-0: Ball
1-0: Ground out 5-3 (Groundball, 13, EV 85.6 MPH)
Bottom of the 9th over - 0 runs, 0 hits, 0 errors, 0 left on base; Pawtucket 3 - Norfolk 3
TOP OF THE 10TH
Pawtucket Red Sox batting - Pitching for Norfolk Tides : RHP Manny Rolfe
Batting: RHB Brandon Perris 0-0: Called Strike
0-1: Ball
1-1: Foul Ball, location: 2F
1-2: Ball
2-2: Ball
3-2: Foul Ball, location: 2F
3-2: Strikes out looking
Batting: RHB Joe Evrard 0-0: Ground out 5-3 (Groundball, 5, EV 105.0 MPH)
Batting: RHB Matt Hinkle 0-0: Ball
1-0: Ball
2-0: SINGLE (Line Drive, 6MD, EV 98.8 MPH)
Batting: LHB Tim Fuller 0-0: Called Strike
0-1: SINGLE (Line Drive, 56, EV 93.8 MPH)
Matt Hinkle to second
Batting: SHB Marvin Lawrence 0-0: Called Strike
0-1: Ball
1-1: Foul Ball, location: 2F
1-2: Ball
2-2: Foul Ball, location: 2F
2-2: Ball
3-2: 3-RUN HOME RUN (Flyball, 9D, EV 108.1 MPH), Distance : 394 ft
Batting: LHB David Moore 0-0: Called Strike
0-1: Ball
1-1: Ball
2-1: Fly out, F7 (Flyball, 78D, EV 96.9 MPH)
Top of the 10th over - 3 runs, 3 hits, 0 errors, 0 left on base; Pawtucket 6 - Norfolk 3
BOTTOM OF THE 10TH
Norfolk Tides batting - Pitching for Pawtucket Red Sox : RHP Billy Fitzgerald
Pitching: RHP Jim Whiteman
Batting: RHB Jeremy Sipe 0-0: Ball
1-0: Ball
2-0: Called Strike
2-1: Swinging Strike
2-2: Strikes out swinging
Pinch Hitting: SHB Eduardo Maldonado 0-0: Swinging Strike
0-1: Foul Ball, location: 2F
0-2: Foul Ball, location: 2F
0-2: Ball
1-2: Foul Ball, location: 2F
1-2: Ball
2-2: Ball
3-2: Base on Balls
Batting: RHB Joe Young 0-0: Swinging Strike
0-1: Foul Ball, location: 2F
0-2: Ball
1-2: Ball
2-2: Foul Ball, location: 2F
2-2: Grounds into double play, 4-6-3 (Groundball, 4MS, EV 80.0 MPH)
Bottom of the 10th over - 0 runs, 0 hits, 0 errors, 0 left on base; Pawtucket 6 - Norfolk 3
Sunday, July 16th , 2023 - OOTP Baseball 24.6 Build 69